 Dungeon Sprint DCSS version 0.17-a0-1181-gabc46e6 (webtiles) character file.

11028 Kidiri the Bludgeoner (level 11, -19/131 HPs)
             Began as a Troll Berserker on May 31, 2015.
             Was the Champion of Trog.
             Demolished by Rupert
             ... wielding a +1 great mace of protection
              (42 damage)
             ... in the Dungeon (Sprint III: "The Ten Rune Challenge") on June 1, 2015.
             The game lasted 00:17:53 (1819 turns).

Kidiri the Bludgeoner (Troll Berserker)             Turns: 1819, Time: 00:17:53

Health: -19/131    AC: 13    Str: 30      XL:     11   Next: 43%
Magic:  8/8        EV: 11    Int:  3      God:    Trog [******]
Gold:   4293       SH:  0    Dex:  8 (9)  Spells: 0 memorised, 10 levels left

rFire  x . .     SeeInvis .     q - +6 great mace (protect)
rCold  + + .     Clarity  +     r - ice dragon hide
rNeg   . . .     SustAt   .     (no shield)
rPois  .         Gourm    +     (helmet restricted)
rElec  .         Spirit   .     (no cloak)
rCorr  .         Warding  .     (gloves unavailable)
rMut   .         NoTele   +     (boots unavailable)
MR     .....                    (no amulet)
Stlth  ..........               (no ring)
                                (no ring)

@: exhausted, slowed, very slow, not resistant to hostile enchantments,
extremely unstealthy
A: unfitting armour, claws 3, horns 1, icy blue scales 1, berserk 1, clarity,
deterioration 1, fast metabolism 3, gourmand, low mp 1, regeneration 2, shaggy
fur 1, tough skin 2
a: Burn Spellbooks, Berserk, Trog's Hand, Brothers in Arms, Renounce Religion


You were in the Dungeon.
You worshipped Trog.
Trog was exalted by your worship.
You were full.

You visited 1 branch You collected 4527 gold pieces.
You spent 234 gold pieces at shops.

Inventory:

Hand weapons
 b - a +5 great mace of crushing
 e - a +7 giant club
 j - a +4 antimagic giant spiked club
 q - a +6 great mace of protection (weapon)
 s - a +3 dire flail of distortion
 t - a +4 antimagic giant spiked club
 u - the +6 morningstar of Armageddon {antimagic, Int+4}
   (You bought it in a shop in the Dungeon)

   It disrupts the flow of magical energy around spellcasters and certain
   magical creatures (including the wielder).
   It affects your intelligence (+4).
 v - a +2 hunting sling of evasion
Armour
 r - an ice dragon hide (worn)
Magical devices
 a - a wand of invisibility (1)
Scrolls
 i - a scroll of blinking
 k - a scroll of immolation
 m - 2 scrolls of remove curse
Potions
 f - a potion of haste
 g - 2 potions of magic
 h - a potion of berserk rage
 o - 3 potions of cure mutation
 p - 2 potions of flight
Comestibles
 c - 2 bread rations
 l - 21 royal jellies
 n - 6 fruits


   Skills:
 * Level 14.9 Fighting
 * Level 16.3 Maces & Flails
 + Level 11.1 Dodging


You had 10 spell levels left.
You didn't know any spells.

Dungeon Overview and Level Annotations

Branches:
Dungeon (1/1)

Altars:
Cheibriados
Dithmenos
Elyvilon
Fedhas
Gozag
Kikubaaqudgha
Makhleb
Nemelex Xobeh
Okawaru
Qazlal
Ru
Sif Muna
Trog
Vehumet
Xom
Yredelemnul
Zin
The Shining One
Jiyva
Lugonu

Shops:
D (

Annotations:
D Gastronok, Rupert


Innate Abilities, Weirdness & Mutations

You are too large for most types of armour.
You have claws for hands.
Your metabolism is lightning-fast.
You like to eat raw meat.
You heal very quickly.
You are covered in fur (AC +1).
You have very tough skin (AC +2).
You have a pair of small horns on your head.
You are partially covered in icy blue scales (AC +1).
You tend to lose your temper in combat.
You possess an exceptional clarity of mind.
Your body sometimes deteriorates upon taking damage.
Your magical capacity is low (-10% MP).


Message History

Unknown command.
You feel a strong urge to attack something.
Rupert hits you with a great mace of protection.
* * * LOW HITPOINT WARNING * * *
Rupert hits you with a great mace of protection!
* * * LOW HITPOINT WARNING * * *
Gastronok mumbles some strange words.
Gastronok seems to move somewhat quicker.
You are no longer berserk.
You are exhausted.
You feel as though you will be slow longer.
Rupert rages.
There is an open door here.
Rupert barely misses you.
Use which ability? (? or * to list)
Okay, then.
Drink which item? (? for menu, Esc to quit)
You feel better.
Rupert hits you with a great mace of protection!!!
You die...

▓.................#___#_
▓▓▓▓▓▓▓▓▓▓▓▓▓▓▓▓▓▓▓▓▓▓▓▓
▓...'≈≈≈§≈§≈≈.♣♣.....♣♣
#≈≈..§§≈≈≈♣♣.≈≈≈≈+♣
#≈≈≈§§§§≈.÷÷÷....#.
#≈≈†§§§≈≈≈♣♣♣♣♣♣♣#.
#≈≈.≈w≈≈≈≈♣ ##
▓##'####'######
▓.....@@........
▓#+#############


You could see Gastronok and Rupert (berserk).

Vanquished Creatures
  2 dire elephants (D)
  Erolcha (D)
  A deep elf summoner (D)
  A deep elf conjurer (D)
  2 elephants (D)
  A komodo dragon (D)
  2 spiny frogs (D)
  A fire drake (D)
  3 deep elf priests (D)
  A queen bee (D)
  5 blink frogs (D)
  3 wandering mushrooms (D)
  A shadow (D)
  A redback (D)
  2 trapdoor spiders (D)
  A spatial vortex (D)
  2 hill giants (D)
  A swamp drake (D)
  An orc warrior (D)
  A necrophage (D)
  3 two-headed ogres (D)
  A water elemental (D)
  18 killer bees (D)
  A jelly (D)
  A wizard (D)
  A necromancer (D)
  3 humans (D)
  A kobold demonologist (D)
  A phantom (D)
  An orc (D)
  4 rats (D)
  4 ballistomycetes (D)
72 creatures vanquished.

Vanquished Creatures (collateral kills)
  A deep elf knight (D)
  An orc sorcerer (D)
  14 killer bees (D)
  An orc priest (D)
  2 orc wizards (D)
  12 orcs (D)
31 creatures vanquished.

Vanquished Creatures (others)
  2 draconian scorchers (D)
  2 hydras (D)
  A deep troll (D)
  A yaktaur (D)
  An ogre (D)
  An electric eel (D)
  A giant spore (D)
  A plant (D)
10 creatures vanquished.

Grand Total: 113 creatures vanquished

Notes
Turn   | Place    | Note
--------------------------------------------------------------
     0 | D        | Kidiri the Troll Berserker began the quest for the Orb.
     0 | D        | Reached XP level 1. HP: 22/22 MP: 0/0
    10 | D        | Reached skill level 3 in Maces & Flails
    19 | D        | Acquired Trog's second power
    75 | D        | Reached skill level 4 in Maces & Flails
    75 | D        | Reached XP level 2. HP: 32/32 MP: 1/1
    86 | D        | Killed a yaktaur
    94 | D        | Gained mutation: Armour fits poorly on your strangely shaped body. [potion of mutation]
    94 | D        | Gained mutation: Your body sometimes deteriorates upon taking damage. [potion of mutation]
    94 | D        | Gained mutation: You have a pair of small horns on your head. [potion of mutation]
    95 | D        | Lost mutation: Armour fits poorly on your strangely shaped body. [potion of mutation]
    95 | D        | Gained mutation: You are partially covered in icy blue scales (AC +1). [potion of mutation]
    95 | D        | Gained mutation: You possess an exceptional clarity of mind. [potion of mutation]
    96 | D        | Gained mutation: Your magical capacity is low (-10% MP). [potion of mutation]
    96 | D        | Gained mutation: You tend to lose your temper in combat. [potion of mutation]
   128 | D        | Noticed a water elemental
   133 | D        | Killed a water elemental
   133 | D        | Reached skill level 5 in Maces & Flails
   133 | D        | Reached XP level 3. HP: 41/41 MP: 1/1
   133 | D        | Reached XP level 4. HP: 49/49 MP: 2/2
   166 | D        | Found a radiant altar of Vehumet.
   166 | D        | Found a deep blue altar of Sif Muna.
   166 | D        | Found an ancient bone altar of Kikubaaqudgha.
   166 | D        | Noticed a wizard
   167 | D        | Killed a wizard
   167 | D        | Reached skill level 5 in Fighting
   171 | D        | Reached skill level 6 in Maces & Flails
   173 | D        | Acquired Trog's third power
   191 | D        | Found a glowing silver altar of Zin.
   191 | D        | Found a glowing golden altar of the Shining One.
   191 | D        | Found a white marble altar of Elyvilon.
   192 | D        | Noticed a deep elf priest
   201 | D        | Killed a deep elf priest
   201 | D        | Reached skill level 7 in Fighting
   201 | D        | Reached skill level 8 in Maces & Flails
   201 | D        | Reached skill level 5 in Dodging
   201 | D        | Reached XP level 5. HP: 33/62 MP: 3/3
   201 | D        | Reached XP level 6. HP: 37/71 MP: 4/4
   260 | D        | Found an iron altar of Okawaru.
   260 | D        | Found a bloodstained altar of Trog.
   260 | D        | Noticed a human
   262 | D        | Noticed a human
   276 | D        | Killed a human
   276 | D        | Received a gift from Trog
   276 | D        | Reached skill level 9 in Maces & Flails
   280 | D        | Killed a human
   280 | D        | Reached XP level 7. HP: 47/81 MP: 5/5
   347 | D        | Found a basalt altar of Yredelemnul.
   347 | D        | Found a snail-covered altar of Cheibriados.
   347 | D        | Found a blossoming altar of Fedhas.
   347 | D        | Noticed a necrophage
   347 | D        | Noticed a necromancer
   353 | D        | Killed a necromancer
   357 | D        | Killed a white draconian scorcher
   359 | D        | Killed a necrophage
   359 | D        | Reached skill level 10 in Maces & Flails
   376 | D        | Noticed a jelly
   377 | D        | Noticed a shadow
   385 | D        | Killed a shadow
   387 | D        | Killed a jelly
   425 | D        | Killed a white draconian scorcher
   457 | D        | Found a stormy altar of Qazlal.
   457 | D        | Found a sacrificial altar of Ru.
   457 | D        | Found a burning altar of Makhleb.
   457 | D        | Found a shimmering altar of Xom.
   457 | D        | Noticed a spatial vortex
   460 | D        | Found a viscous altar of Jiyva.
   460 | D        | Found a shadowy altar of Dithmenos.
   460 | D        | Found a sparkling altar of Nemelex Xobeh.
   460 | D        | Found a corrupted altar of Lugonu.
   460 | D        | Found an opulent altar of Gozag.
   473 | D        | Killed a spatial vortex
   473 | D        | Reached XP level 8. HP: 57/93 MP: 6/6
   531 | D        | Noticed a two-headed ogre
   531 | D        | Noticed a two-headed ogre
   533 | D        | Noticed a two-headed ogre
   536 | D        | Killed a two-headed ogre
   540 | D        | Killed a two-headed ogre
   540 | D        | Reached skill level 10 in Fighting
   543 | D        | Killed a two-headed ogre
   543 | D        | Reached skill level 11 in Maces & Flails
   611 | D        | Noticed a hill giant
   618 | D        | Killed a hill giant
   627 | D        | Noticed Erolcha
   628 | D        | Paralysed by something for 4 turns
   631 | D        | Noticed a hill giant
   638 | D        | Killed Erolcha
   638 | D        | Reached skill level 12 in Maces & Flails
   638 | D        | Reached XP level 9. HP: 81/105 MP: 7/7
   640 | D        | Killed a hill giant
   640 | D        | Received a gift from Trog
   743 | D        | Noticed an orc wizard
   744 | D        | Killed an orc wizard
   751 | D        | Received a gift from Trog
   755 | D        | Received a gift from Trog
   758 | D        | Noticed an orc sorcerer
   758 | D        | Killed an orc sorcerer
   760 | D        | Noticed an orc priest
   761 | D        | Killed an orc priest
   761 | D        | Received a gift from Trog
   761 | D        | Killed an orc wizard
   771 | D        | Found Yreyll's Antique Weapon Shop.
   771 | D        | Noticed an orc warrior
   778 | D        | Killed an orc warrior
   851 | D        | Bought a jewelled morningstar for 234 gold pieces
   853 | D        | Identified the +6 morningstar of Armageddon {antimagic, Int+4} (You bought it in a shop in the Dungeon)
   863 | D        | Noticed a deep elf priest
   863 | D        | Noticed a deep elf knight
   863 | D        | Noticed a deep elf summoner
   863 | D        | Noticed a deep elf priest
   863 | D        | Noticed a deep elf conjurer
   872 | D        | Killed a deep elf priest
   874 | D        | Killed a deep elf summoner
   874 | D        | Reached skill level 13 in Maces & Flails
   879 | D        | Killed a deep elf conjurer
   882 | D        | Killed a deep elf priest
   882 | D        | Reached XP level 10. HP: 117/117 MP: 4/8
   890 | D        | Killed a deep elf knight
  1029 | D        | Noticed a redback
  1032 | D        | Killed a redback
  1035 | D        | Noticed a trapdoor spider
  1035 | D        | Killed a trapdoor spider
  1035 | D        | Received a gift from Trog
  1035 | D        | Reached skill level 14 in Maces & Flails
  1053 | D        | Noticed a trapdoor spider
  1056 | D        | Killed a trapdoor spider
  1088 | D        | Noticed a killer bee
  1088 | D        | Noticed a killer bee
  1088 | D        | Noticed a killer bee
  1088 | D        | Killed a killer bee
  1088 | D        | Killed a killer bee
  1089 | D        | Killed a killer bee
  1090 | D        | Noticed a killer bee
  1090 | D        | Killed a killer bee
  1091 | D        | Noticed a killer bee
  1091 | D        | Noticed a killer bee
  1091 | D        | Noticed a killer bee
  1091 | D        | Noticed a killer bee
  1091 | D        | Noticed a killer bee
  1091 | D        | Noticed a killer bee
  1091 | D        | Noticed a killer bee
  1091 | D        | Noticed a killer bee
  1091 | D        | Noticed a killer bee
  1091 | D        | Noticed a killer bee
  1091 | D        | Noticed a killer bee
  1091 | D        | Noticed a killer bee
  1091 | D        | Noticed a killer bee
  1091 | D        | Killed a killer bee
  1091 | D        | Received a gift from Trog
  1092 | D        | Noticed a killer bee
  1092 | D        | Killed a killer bee
  1092 | D        | Killed a killer bee
  1093 | D        | Noticed a killer bee
  1093 | D        | Noticed a killer bee
  1093 | D        | Noticed a killer bee
  1093 | D        | Noticed a killer bee
  1094 | D        | Noticed a killer bee
  1094 | D        | Killed a killer bee
  1094 | D        | Killed a killer bee
  1095 | D        | Noticed a killer bee
  1095 | D        | Killed a killer bee
  1095 | D        | Received a gift from Trog
  1096 | D        | Noticed a queen bee
  1096 | D        | Killed a killer bee
  1097 | D        | Noticed a killer bee
  1097 | D        | Killed a killer bee
  1098 | D        | Killed a killer bee
  1099 | D        | Noticed a killer bee
  1099 | D        | Killed a killer bee
  1103 | D        | Killed a killer bee
  1103 | D        | Received a gift from Trog
  1105 | D        | Noticed a killer bee
  1106 | D        | Noticed a killer bee
  1107 | D        | Killed a killer bee
  1108 | D        | Noticed a killer bee
  1109 | D        | Killed a killer bee
  1111 | D        | Killed a killer bee
  1113 | D        | Killed a killer bee
  1117 | D        | Killed a killer bee
  1118 | D        | Killed a killer bee
  1119 | D        | Killed a killer bee
  1121 | D        | Killed a killer bee
  1122 | D        | Killed a killer bee
  1122 | D        | Received a gift from Trog
  1124 | D        | Killed a killer bee
  1126 | D        | Noticed a killer bee
  1126 | D        | Killed a killer bee
  1127 | D        | Noticed a killer bee
  1131 | D        | Killed a killer bee
  1132 | D        | Killed a queen bee
  1135 | D        | Killed a killer bee
  1136 | D        | Killed a killer bee
  1140 | D        | Killed a killer bee
  1142 | D        | Killed a killer bee
  1142 | D        | Received a gift from Trog
  1146 | D        | Killed a killer bee
  1323 | D        | Noticed a wandering mushroom
  1338 | D        | Killed a wandering mushroom
  1338 | D        | Reached skill level 10 in Dodging
  1360 | D        | Noticed a wandering mushroom
  1363 | D        | Noticed a wandering mushroom
  1368 | D        | Killed a wandering mushroom
  1374 | D        | Killed a wandering mushroom
  1380 | D        | Noticed a spiny frog
  1380 | D        | Noticed a komodo dragon
  1380 | D        | Noticed a spiny frog
  1381 | D        | Killed a spiny frog
  1381 | D        | Reached skill level 15 in Maces & Flails
  1385 | D        | Killed a komodo dragon
  1389 | D        | Killed a spiny frog
  1434 | D        | Killed a five-headed hydra
  1514 | D        | Killed an electric eel
  1576 | D        | Killed an eight-headed hydra
  1637 | D        | Noticed a swamp drake
  1637 | D        | Noticed a fire drake
  1640 | D        | Killed a fire drake
  1640 | D        | Received a gift from Trog
  1644 | D        | Killed a swamp drake
  1644 | D        | Reached XP level 11. HP: 126/130 MP: 8/8
  1667 | D        | Noticed a blink frog
  1668 | D        | Noticed a blink frog
  1668 | D        | Noticed a blink frog
  1669 | D        | Noticed a blink frog
  1673 | D        | Killed a blink frog
  1677 | D        | Killed a blink frog
  1680 | D        | Killed a blink frog
  1688 | D        | Killed a blink frog
  1727 | D        | Noticed a blink frog
  1745 | D        | Killed a blink frog
  1782 | D        | Noticed an elephant
  1783 | D        | Noticed an elephant
  1790 | D        | Killed an elephant
  1790 | D        | Received a gift from Trog
  1794 | D        | Killed an elephant
  1799 | D        | Noticed a dire elephant
  1800 | D        | Noticed Gastronok
  1804 | D        | Noticed a dire elephant
  1806 | D        | Noticed Rupert
  1806 | D        | Killed a dire elephant
  1806 | D        | Reached skill level 16 in Maces & Flails
  1813 | D        | Killed a dire elephant
  1819 | D        | Demolished by Rupert

Vault maps used:
D:        dungeon_sprint_mu

Action                   |  1- 3 |  4- 6 |  7- 9 | 10-12 || total
-------------------------+-------+-------+-------+-------++-------
Melee: Mace              |    22 |    30 |    36 |       ||    88
       Giant spiked club |       |       |    13 |       ||    13
       Great mace        |       |       |    15 |   110 ||   125
Invok: Berserk           |     2 |     1 |     3 |     2 ||     8
       Burn Spellbooks   |       |     1 |       |       ||     1
       Brothers in Arms  |       |       |     2 |     2 ||     4
  Use: Potion            |     3 |       |       |     3 ||     6
       Scroll            |       |       |     3 |       ||     3
  Eat: Chunk             |     2 |     1 |    16 |    10 ||    29
